| TOP OF THE 1ST |
|
Oklahoma State University Cowboys batting - Pitching for Ohio State University Buckeyes : RHP Mike Stabb
|
|
Pitching: RHP Mike Stabb
|
|
|
Batting: LHB Vecdi Ertegun
|
0-0: Fly out, F7 (Flyball, 7LMF, EV 92.5 MPH)
|
|
Batting: LHB Orlando Hurtado
|
0-0: Ball 1-0: Called Strike 1-1: Ground out 5-3 (Groundball, 56, EV 98.8 MPH)
|
|
Batting: RHB Ben Saxton
|
0-0: Ball 1-0: Ball 2-0: Ball 3-0: Base on Balls
|
|
Batting: LHB Rafael Banda
|
0-0: Foul Ball, location: 2F 0-1: Ball 1-1: Ball 2-1: 2-RUN HOME RUN (Flyball, 9LD, EV 91.2 MPH), Distance : 339 ft
|
|
Batting: RHB Masakuni Takeuchi
|
0-0: Called Strike 0-1: Ball 1-1: Ball 2-1: Foul Ball, location: 2F 2-2: Ball 3-2: Base on Balls
|
|
Batting: SHB Mel Gonzalez
|
0-0: Called Strike 0-1: Called Strike 0-2: Strikes out swinging
|
| Top of the 1st over - 2 runs, 1 hit, 0 errors, 1 left on base; Oklahoma State University 2 - Ohio State University 0 |
| BOTTOM OF THE 1ST |
|
Ohio State University Buckeyes batting - Pitching for Oklahoma State University Cowboys : RHP Cole Roome
|
|
Pitching: RHP Cole Roome
|
|
|
Batting: LHB Danny Schultz
|
0-0: Called Strike 0-1: Ball 1-1: Ball 2-1: Called Strike 2-2: Foul Ball, location: 2F 2-2: Ball 3-2: SINGLE (Flyball, 5D, EV 81.2 MPH)
|
|
Batting: RHB Hugo Chavez
|
0-0: Ball 1-0: Ball 2-0: Ball 3-0: Base on Balls Danny Schultz to second
|
|
Batting: SHB Ken Griffey IV
|
0-0: Called Strike 0-1: Foul Ball, location: 2F 0-2: Foul Ball, location: 2F 0-2: Ball 1-2: Fly out, F7 (Flyball, 7D, EV 83.8 MPH)
|
|
Batting: LHB Ben Roth
|
0-0: Ball 1-0: Fielders Choice at 2nd, 3-6 (Groundball, 34S, EV 76.9 MPH) Danny Schultz to third
|
|
Batting: RHB Matt Williams
|
0-0: Ball 1-0: Called Strike 1-1: Ball 2-1: Fielders Choice at 2nd, 5-4 (Groundball, 56, EV 80.0 MPH)
|
| Bottom of the 1st over - 0 runs, 1 hit, 0 errors, 2 left on base; Oklahoma State University 2 - Ohio State University 0 |
| TOP OF THE 2ND |
|
Oklahoma State University Cowboys batting - Pitching for Ohio State University Buckeyes : RHP Mike Stabb
|
|
Batting: RHB Tatsunori Ishigaki
|
0-0: Foul Ball, location: 2F 0-1: Ball 1-1: Swinging Strike 1-2: Strikes out swinging
|
|
Batting: RHB Pedro Luera
|
0-0: Called Strike 0-1: Fly out, F9 (Flyball, 9, EV 85.6 MPH)
|
|
Batting: RHB Isaac Washington
|
0-0: Foul Ball, location: 2F 0-1: Called Strike 0-2: Strikes out looking
|
| Top of the 2nd over - 0 runs, 0 hits, 0 errors, 0 left on base; Oklahoma State University 2 - Ohio State University 0 |
| BOTTOM OF THE 2ND |
|
Ohio State University Buckeyes batting - Pitching for Oklahoma State University Cowboys : RHP Cole Roome
|
|
Batting: RHB Dave Villarreal
|
0-0: Called Strike 0-1: Called Strike 0-2: Ground out 5-3 (Groundball, 56, EV 83.1 MPH)
|
|
Batting: RHB B.J. Clark
|
0-0: Ball 1-0: Ball 2-0: Ball 3-0: Base on Balls
|
|
Batting: RHB Michihisa Tanaka
|
0-0: Called Strike 0-1: Ball 1-1: Called Strike 1-2: Ball 2-2: Grounds into double play, 6-4-3 (Groundball, 6, EV 103.8 MPH)
|
| Bottom of the 2nd over - 0 runs, 0 hits, 0 errors, 0 left on base; Oklahoma State University 2 - Ohio State University 0 |
| TOP OF THE 3RD |
|
Oklahoma State University Cowboys batting - Pitching for Ohio State University Buckeyes : RHP Mike Stabb
|
|
Batting: LHB Vecdi Ertegun
|
0-0: Swinging Strike 0-1: Ball 1-1: Ball 2-1: Foul Ball, location: 2F 2-2: DOUBLE (Groundball, 3L, EV 98.1 MPH)
|
|
Batting: LHB Orlando Hurtado
|
0-0: Called Strike 0-1: Ball 1-1: Called Strike 1-2: Strikes out swinging
|
|
Batting: RHB Ben Saxton
|
0-0: Called Strike 0-1: Swinging Strike 0-2: Reached on error, E5 (Groundball, 56, EV 100.0 MPH) Vecdi Ertegun to third
|
|
Batting: LHB Rafael Banda
|
0-0: Swinging Strike 0-1: Fielders Choice at 2nd, 4-6 (Groundball, 4, EV 101.9 MPH) Vecdi Ertegun scores
|
|
Batting: RHB Masakuni Takeuchi
|
0-0: Ball 1-0: Fielders Choice at 2nd, 6-4 (Groundball, 56, EV 88.8 MPH)
|
| Top of the 3rd over - 1 run, 1 hit, 1 error, 1 left on base; Oklahoma State University 3 - Ohio State University 0 |
| BOTTOM OF THE 3RD |
|
Ohio State University Buckeyes batting - Pitching for Oklahoma State University Cowboys : RHP Cole Roome
|
|
Batting: RHB Jeff Standridge
|
0-0: Called Strike 0-1: Ball 1-1: Ground out 5-3 (Groundball, 5, EV 88.1 MPH)
|
|
Batting: LHB Danny Schultz
|
0-0: Fly out, F8 (Flyball, 8RM, EV 89.4 MPH)
|
|
Batting: RHB Hugo Chavez
|
0-0: Ball 1-0: Fly out, F8 (Flyball, 8LS, EV 86.9 MPH)
|
| Bottom of the 3rd over - 0 runs, 0 hits, 0 errors, 0 left on base; Oklahoma State University 3 - Ohio State University 0 |
| TOP OF THE 4TH |
|
Oklahoma State University Cowboys batting - Pitching for Ohio State University Buckeyes : RHP Mike Stabb
|
|
Batting: SHB Mel Gonzalez
|
0-0: Swinging Strike 0-1: Foul Ball, location: 2F 0-2: DOUBLE (Line Drive, 8LD, EV 110.6 MPH)
|
|
Batting: RHB Tatsunori Ishigaki
|
0-0: Called Strike 0-1: Ball 1-1: Called Strike 1-2: Ball 2-2: Foul Ball, location: 2F 2-2: SINGLE (Line Drive, 8LS, EV 99.4 MPH) Mel Gonzalez to third
|
|
Batting: RHB Pedro Luera
|
0-0: Called Strike 0-1: Ball 1-1: Ball 2-1: Hit by Pitch Tatsunori Ishigaki to second
|
|
Batting: RHB Isaac Washington
|
0-0: Foul Ball, location: 2F 0-1: Called Strike 0-2: Ball 1-2: Foul Ball, location: 2F 1-2: Strikes out swinging
|
|
Pinch Hitting: RHB Alex Montiel
|
0-0: Ball 1-0: Ball 2-0: Ball 3-0: Called Strike 3-1: Foul Ball, location: 2F 3-2: DOUBLE (Flyball, 8LXD, EV 92.5 MPH) Mel Gonzalez scores Tatsunori Ishigaki scores Pedro Luera to third
|
|
Pitching: LHP Alan Sullivan
|
|
|
Pinch Hitting: RHB Ji-an See-to
|
0-0: Called Strike 0-1: 3-RUN HOME RUN (Flyball, 7D, EV 106.2 MPH), Distance : 415 ft
|
|
Pinch Hitting: RHB Ivan Torres
|
0-0: Called Strike 0-1: Ball 1-1: SINGLE (Line Drive, 7LS, EV 90.0 MPH)
|
|
Batting: LHB Rafael Banda
|
0-0: Swinging Strike 0-1: Foul Ball, location: 2F 0-2: Strikes out swinging
|
|
Batting: RHB Mennad Maalik
|
0-0: Ball 1-0: Foul Ball, location: 2F 1-1: Foul Ball, location: 2F 1-2: SINGLE (Groundball, 34D, EV 104.4 MPH) Ivan Torres to second Runner from 2nd tries for 3rd, OUT! 9-5
|
| Top of the 4th over - 5 runs, 6 hits, 0 errors, 1 left on base; Oklahoma State University 8 - Ohio State University 0 |
| BOTTOM OF THE 4TH |
|
Ohio State University Buckeyes batting - Pitching for Oklahoma State University Cowboys : RHP Cole Roome
|
|
Now at 1B: Ji-an See-to
|
|
|
Now at 3B: Ivan Torres
|
|
|
Now in CF: Alex Montiel
|
|
|
Batting: SHB Ken Griffey IV
|
0-0: Ball 1-0: Called Strike 1-1: Called Strike 1-2: Ball 2-2: Fly out, F8 (Line Drive, 8RM, EV 103.8 MPH)
|
|
Batting: LHB Ben Roth
|
0-0: SINGLE (Groundball, 4MD, EV 104.4 MPH)
|
|
Batting: RHB Matt Williams
|
0-0: Ball 1-0: Fielders Choice at 2nd, 5-4 (Groundball, 56S, EV 86.2 MPH)
|
|
Batting: RHB Dave Villarreal
|
0-0: Fly out, F8 (Flyball, 8LD, EV 94.4 MPH)
|
| Bottom of the 4th over - 0 runs, 1 hit, 0 errors, 1 left on base; Oklahoma State University 8 - Ohio State University 0 |
| TOP OF THE 5TH |
|
Oklahoma State University Cowboys batting - Pitching for Ohio State University Buckeyes : LHP Alan Sullivan
|
|
Now at 1B: Gustavo Delgado
|
|
|
Batting: SHB Mel Gonzalez
|
0-0: Foul Ball, location: 2F 0-1: Ground out 5-3 (Groundball, 56, EV 83.8 MPH)
|
|
Batting: RHB Tatsunori Ishigaki
|
0-0: Called Strike 0-1: Ground out 4-3 (Groundball, 4, EV 87.5 MPH)
|
|
Batting: RHB Pedro Luera
|
0-0: Ball 1-0: Foul Ball, location: 2F 1-1: Ball 2-1: Foul Ball, location: 2F 2-2: Ball 3-2: Base on Balls
|
|
Pinch Hitting: LHB Gong Tow
|
0-0: Ball 1-0: Foul Ball, location: 2F 1-1: Ball Wild Pitch! Pedro Luera to second 2-1: Swinging Strike 2-2: Fly out, F8 (Flyball, 78S, EV 94.4 MPH)
|
| Top of the 5th over - 0 runs, 0 hits, 0 errors, 1 left on base; Oklahoma State University 8 - Ohio State University 0 |
| BOTTOM OF THE 5TH |
|
Ohio State University Buckeyes batting - Pitching for Oklahoma State University Cowboys : RHP Cole Roome
|
|
Now at C: Oscar Hernandez
|
|
|
Now at SS: Dennis Bennett
|
|
|
Now in LF: Armando Moreno
|
|
|
Now in RF: Gong Tow
|
|
|
Batting: RHB B.J. Clark
|
0-0: Called Strike 0-1: Ball 1-1: Ground out 4-3 (Groundball, 4, EV 105.6 MPH)
|
|
Batting: RHB Michihisa Tanaka
|
0-0: Fly out, F9 (Flyball, 89S, EV 87.5 MPH)
|
|
Batting: RHB Jeff Standridge
|
0-0: Fly out, F8 (Flyball, 8LD, EV 93.1 MPH)
|
| Bottom of the 5th over - 0 runs, 0 hits, 0 errors, 0 left on base; Oklahoma State University 8 - Ohio State University 0 |
| TOP OF THE 6TH |
|
Oklahoma State University Cowboys batting - Pitching for Ohio State University Buckeyes : LHP Alan Sullivan
|
|
Batting: RHB Alex Montiel
|
0-0: Called Strike 0-1: Ball 1-1: SINGLE (Groundball, 25, EV 70.6 MPH) (infield hit)
|
|
Batting: RHB Ji-an See-to
|
0-0: Ball 1-0: Ball 2-0: Ball 3-0: Called Strike 3-1: Foul Ball, location: 2F 3-2: Foul Ball, location: 2F 3-2: Fly out, F8 (Flyball, 8RD, EV 101.2 MPH)
|
|
Batting: RHB Ivan Torres
|
0-0: Foul Ball, location: 2F 0-1: Ball 1-1: Fielders Choice at 2nd, 1-6 (Groundball, 13S, EV 72.5 MPH)
|
|
Batting: RHB Dennis Bennett
|
0-0: Ball 1-0: Ball 2-0: Ball 3-0: Called Strike 3-1: Foul Ball, location: 2F 3-2: Fly out, F7 (Line Drive, 78M, EV 94.4 MPH)
|
| Top of the 6th over - 0 runs, 1 hit, 0 errors, 1 left on base; Oklahoma State University 8 - Ohio State University 0 |
| BOTTOM OF THE 6TH |
|
Ohio State University Buckeyes batting - Pitching for Oklahoma State University Cowboys : RHP Cole Roome
|
|
Pinch Hitting: RHB Hikaru Nakata
|
0-0: Ball 1-0: DOUBLE (Line Drive, 7LS, EV 104.4 MPH)
|
|
Batting: RHB Gustavo Delgado
|
0-0: Foul Ball, location: 2F 0-1: Fly out, F8 (Flyball, 8RD, EV 89.4 MPH)
|
|
Pinch Hitting: RHB Aaron Burnet
|
0-0: Ball 1-0: Called Strike 1-1: Ball 2-1: SINGLE (Line Drive, 56D, EV 99.4 MPH) Hikaru Nakata to third Runner from 3rd tries for Home, SAFE, throw by LF to home
|
|
Pinch Hitting: RHB Danny Rosario
|
0-0: Fly out, F9 (Flyball, 9S, EV 84.4 MPH)
|
|
Batting: RHB Tony Vasquez
|
0-0: Ball Wild Pitch! Aaron Burnet to second 1-0: Called Strike 1-1: Ball 2-1: DOUBLE (Groundball, 5L, EV 108.1 MPH) Aaron Burnet scores
|
|
Batting: RHB Dave Villarreal
|
0-0: Ball 1-0: Ball 2-0: Called Strike 2-1: Ball 3-1: Called Strike 3-2: SINGLE (Line Drive, 9S, EV 99.4 MPH) Tony Vasquez to third Runner from 3rd tries for Home, SAFE, throw by RF to home
|
|
Pitching: RHP Hector Martinez
|
|
|
Pinch Hitting: LHB Yu-shu Ni
|
0-0: Called Strike 0-1: Ball 1-1: Foul Ball, location: 2F 1-2: Strikes out swinging
|
| Bottom of the 6th over - 3 runs, 4 hits, 0 errors, 1 left on base; Oklahoma State University 8 - Ohio State University 3 |
| TOP OF THE 7TH |
|
Oklahoma State University Cowboys batting - Pitching for Ohio State University Buckeyes : LHP Alan Sullivan
|
|
Pitching: RHP Max Carter
|
|
|
Now at 2B: Mike Vaughan
|
|
|
Now at 3B: Al Lara
|
|
|
Now at SS: Danny Rosario
|
|
|
Now in LF: Yu-shu Ni
|
|
|
Now in CF: Aaron Burnet
|
|
|
Now in RF: Hikaru Nakata
|
|
|
Batting: RHB Mennad Maalik
|
0-0: Called Strike 0-1: Ball 1-1: Foul Ball, location: 2F 1-2: Ball 2-2: Strikes out swinging
|
|
Batting: RHB Oscar Hernandez
|
0-0: Called Strike 0-1: Ball 1-1: Swinging Strike 1-2: Ball 2-2: Strikes out swinging
|
|
Pinch Hitting: RHB Settan Nakamura
|
0-0: Ball 1-0: Called Strike 1-1: Foul Ball, location: 2F 1-2: Foul Ball, location: 2F 1-2: Foul Ball, location: 2F 1-2: Strikes out looking
|
| Top of the 7th over - 0 runs, 0 hits, 0 errors, 0 left on base; Oklahoma State University 8 - Ohio State University 3 |
| BOTTOM OF THE 7TH |
|
Ohio State University Buckeyes batting - Pitching for Oklahoma State University Cowboys : RHP Hector Martinez
|
|
Now at 2B: Settan Nakamura
|
|
|
Pinch Hitting: LHB Eddie Corona
|
0-0: Called Strike 0-1: Ball 1-1: Ball 2-1: SOLO HOME RUN (Flyball, 9LD, EV 97.5 MPH), Distance : 351 ft
|
|
Batting: RHB Al Lara
|
0-0: Ground out 5-3 (Groundball, 56D, EV 100.0 MPH)
|
|
Batting: RHB Hikaru Nakata
|
0-0: Ball 1-0: Called Strike 1-1: Swinging Strike 1-2: Foul Ball, location: 2F 1-2: Ball 2-2: SINGLE (Line Drive, 7LS, EV 106.9 MPH)
|
|
Pinch Hitting: RHB Juan Araiza
|
0-0: Foul Ball, location: 2F 0-1: Fly out, F9 (Flyball, 89M, EV 79.4 MPH)
|
|
Batting: RHB Aaron Burnet
|
0-0: Foul Ball, location: 2F 0-1: Ball 1-1: Ball 2-1: Foul Ball, location: 2F 2-2: SINGLE (Groundball, 6MD, EV 98.8 MPH) Hikaru Nakata to second
|
|
Batting: RHB Danny Rosario
|
0-0: Ball Wild Pitch! Hikaru Nakata to third Aaron Burnet to second 1-0: Fly out, F7 (Flyball, 78S, EV 85.6 MPH)
|
| Bottom of the 7th over - 1 run, 3 hits, 0 errors, 2 left on base; Oklahoma State University 8 - Ohio State University 4 |
| TOP OF THE 8TH |
|
Oklahoma State University Cowboys batting - Pitching for Ohio State University Buckeyes : RHP Max Carter
|
|
Now at 1B: Juan Araiza
|
|
|
Now at 2B: John Britton
|
|
|
Batting: RHB Armando Moreno
|
0-0: Ball 1-0: Swinging Strike 1-1: Called Strike 1-2: Ground out 6-3 (Groundball, 6D, EV 110.0 MPH)
|
|
Batting: LHB Gong Tow
|
0-0: Called Strike 0-1: Foul Ball, location: 2F 0-2: SOLO HOME RUN (Flyball, 7D, EV 96.9 MPH), Distance : 402 ft
|
|
Batting: RHB Alex Montiel
|
0-0: Ball 1-0: Ball 2-0: Foul Ball, location: 2F 2-1: Ball 3-1: Foul Ball, location: 2F 3-2: Strikes out looking
|
|
Pinch Hitting: RHB Hidemitsu Matsuno
|
0-0: Foul Ball, location: 2F 0-1: Fly out, F4 (Popup, 34, EV 77.5 MPH)
|
| Top of the 8th over - 1 run, 1 hit, 0 errors, 0 left on base; Oklahoma State University 9 - Ohio State University 4 |
| BOTTOM OF THE 8TH |
|
Ohio State University Buckeyes batting - Pitching for Oklahoma State University Cowboys : RHP Hector Martinez
|
|
Now at 1B: Justin Klein
|
|
|
Batting: LHB Ricardo Torres
|
0-0: Ball 1-0: Called Strike 1-1: Called Strike 1-2: Ball 2-2: SINGLE (Groundball, 6MD, EV 96.2 MPH)
|
|
Batting: RHB Dave Villarreal
|
0-0: Called Strike 0-1: SINGLE (Flyball, 78S, EV 93.8 MPH) Ricardo Torres to second
|
|
Batting: LHB Yu-shu Ni
|
0-0: Swinging Strike 0-1: Ball 1-1: Swinging Strike 1-2: Foul Ball, location: 2F 1-2: Strikes out swinging
|
|
Batting: RHB John Britton
|
0-0: Ball 1-0: Ball 2-0: Called Strike 2-1: Ball 3-1: SINGLE (Line Drive, 89S, EV 96.9 MPH) Ricardo Torres to third Dave Villarreal to second
|
|
Pitching: RHP Chang-wei Quian
|
|
|
Batting: RHB Al Lara
|
0-0: Foul Ball, location: 2F 0-1: Ball 1-1: Ball 2-1: Swinging Strike 2-2: Ball 3-2: Foul Ball, location: 2F 3-2: Strikes out swinging
|
|
Pinch Hitting: LHB Robby Ramires
|
0-0: Fly out, F6 (Popup, 6S, EV 83.1 MPH)
|
| Bottom of the 8th over - 0 runs, 3 hits, 0 errors, 3 left on base; Oklahoma State University 9 - Ohio State University 4 |
| TOP OF THE 9TH |
|
Oklahoma State University Cowboys batting - Pitching for Ohio State University Buckeyes : RHP Max Carter
|
|
Pitching: LHP Neil McKibben
|
|
|
Now in RF: Robby Ramires
|
|
|
Pinch Hitting: RHB Chris Marcellus
|
0-0: Ground out 5-3 (Groundball, 56S, EV 85.6 MPH)
|
|
Batting: RHB Dennis Bennett
|
0-0: Ball 1-0: Called Strike 1-1: Ball 2-1: Foul Ball, location: 2F 2-2: Ball 3-2: Strikes out swinging
|
|
Batting: RHB Fernando Tovar
|
0-0: Ball 1-0: Ball 2-0: Ball 3-0: Base on Balls
|
|
Pinch Hitting: RHB Mark Tart
|
0-0: Fielders Choice at 2nd, 5-4 (Groundball, 5, EV 83.8 MPH)
|
| Top of the 9th over - 0 runs, 0 hits, 0 errors, 1 left on base; Oklahoma State University 9 - Ohio State University 4 |
| BOTTOM OF THE 9TH |
|
Ohio State University Buckeyes batting - Pitching for Oklahoma State University Cowboys : RHP Chang-wei Quian
|
|
Now at C: Jose Peralez
|
|
|
Now at 3B: Chris Marcellus
|
|
|
Pinch Hitting: LHB Brian Van
|
0-0: Called Strike 0-1: Ball 1-1: Called Strike 1-2: Strikes out swinging
|
|
Batting: RHB Aaron Burnet
|
0-0: Ball 1-0: Fly out, F7 (Flyball, 7, EV 92.5 MPH)
|
|
Batting: RHB Danny Rosario
|
0-0: Called Strike 0-1: Called Strike 0-2: Ball 1-2: Ball 2-2: Foul Ball, location: 2F 2-2: Ground out 1-3 (Groundball, 25, EV 68.1 MPH)
|
| Bottom of the 9th over - 0 runs, 0 hits, 0 errors, 0 left on base; Oklahoma State University 9 - Ohio State University 4 |
|